[ AOE2 MATCH · #474234455 ]
UnrankedSaracens vs Mongols
[ REPLAY ANALYSIS · EXTRACTED FROM THE RECORDED GAME ]
Feudal
10:17
Castle
23:29
Imperial
—
| APM avg | 47.1 |
| APM peak | 82 |
| eAPM avg | 20.6 |
| Villagers / military | 45 / 60 |
Focus
⚔️ 37.8% · 🌾 62.2%
Archer ×52 · Spearman ×8
Feudal
9:09
Castle
23:13
Imperial
—
| APM avg | 31.9 |
| APM peak | 62 |
| eAPM avg | 14.0 |
| Villagers / military | 36 / 24 |
Focus
⚔️ 33.3% · 🌾 66.7%
Scout Cavalry ×20 · Steppe Lancer ×4
Feudal
9:09
Castle
—
Imperial
—
| APM avg | 24.6 |
| APM peak | 57 |
| eAPM avg | 12.4 |
| Villagers / military | 33 / 30 |
Focus
⚔️ 22.4% · 🌾 77.6%
Scout Cavalry ×30
Feudal
9:47
Castle
23:33
Imperial
—
| APM avg | 38.6 |
| APM peak | 70 |
| eAPM avg | 15.2 |
| Villagers / military | 40 / 38 |
Focus
⚔️ 34.0% · 🌾 66.0%
Archer ×38
Feudal
10:49
Castle
—
Imperial
—
| APM avg | 34.0 |
| APM peak | 61 |
| eAPM avg | 15.4 |
| Villagers / military | 63 / 25 |
Focus
⚔️ 19.6% · 🌾 80.4%
Scout Cavalry ×25
Feudal
10:21
Castle
—
Imperial
—
| APM avg | 31.8 |
| APM peak | 64 |
| eAPM avg | 10.2 |
| Villagers / military | 38 / 26 |
Focus
⚔️ 16.7% · 🌾 83.3%
Scout Cavalry ×26
Feudal
9:35
Castle
—
Imperial
—
| APM avg | 50.1 |
| APM peak | 73 |
| eAPM avg | 12.9 |
| Villagers / military | 47 / 45 |
Focus
⚔️ 29.2% · 🌾 70.8%
Scout Cavalry ×45
Feudal
11:23
Castle
—
Imperial
—
| APM avg | 72.5 |
| APM peak | 114 |
| eAPM avg | 19.7 |
| Villagers / military | 55 / 17 |
Focus
⚔️ 20.2% · 🌾 79.8%
Skirmisher ×7 · Scout Cavalry ×6 · Spearman ×4
Match map
Initial resources + every placement click. Lines = walls · curves = elevation contours. ◆ gold · ⬟ stone · ● berries · ✦ relic · ◌ wall gap
Your base· Open — unwalled flank
CMD_El Primo's base· Open — 9t gap
If I Speak...'s base· Open — unwalled flank
CMD_AzTraL_'s base· Open — 9t gap
TMZanderlineMosquito Engraxate's base· Open — 11t gap
CMD_Ray's base· Open — 10t gap
小白's base· Open — 13t gap
FakerMarTin's base· Open — 5t gap
Smoothed initial terrain · ◌ = detected wall gap · hover for details
Inputs per minute
— CMD_Edahi287 - - CMD_El Primo
Build order — CMD_Edahi287
150 actions detected in the replay
| 0:27 | Build | Town Center |
| 1:27 | Queue | Villager (Male) |
| 1:27 | Queue | Villager (Male) |
| 1:28 | Queue | Villager (Male) |
| 1:28 | Queue | Villager (Male) |
| 1:28 | Queue | Villager (Male) |
| 2:04 | Queue | Villager (Male) |
| 2:04 | Queue | Villager (Male) |
| 2:29 | Queue | Villager (Male) |
| 2:30 | Queue | Villager (Male) |
| 3:02 | Queue | Villager (Male) |
| 3:02 | Queue | Villager (Male) |
| 3:31 | Queue | Villager (Male) |
| 3:31 | Queue | Villager (Male) |
| 4:04 | Queue | Villager (Male) |
| 4:04 | Queue | Villager (Male) |
| 4:26 | Queue | Villager (Male) |
| 4:26 | Queue | Villager (Male) |
| 4:41 | Build | Mill |
| 4:46 | Queue | Villager (Male) |
| 4:46 | Queue | Villager (Male) |
| 5:05 | Queue | Villager (Male) |
| 5:06 | Queue | Villager (Male) |
| 5:54 | Build | House |
| 5:55 | Build | Barracks |
| 5:59 | Queue | Villager (Male) |
| 6:38 | Queue | Villager (Male) |
| 7:02 | Queue | Villager (Male) |
| 7:05 | Research | Loom |
| 7:38 | Research | Feudal Age |
| 7:38 | Research | Feudal Age |
| 7:44 | Build | Mining Camp |
| 8:09 | Queue | Villager (Male) |
| 8:11 | Build | House |
| 8:28 | Queue | Villager (Male) |
| 8:40 | Queue | Villager (Male) |
| 9:18 | Queue | Villager (Male) |
| 9:47 | Queue | Villager (Male) |
| 10:17 | Age | Feudal Age |
| 10:19 | Build | Archery Range |
| 10:23 | Build | Blacksmith |
| 10:31 | Build | Archery Range |
| 10:37 | Queue | Villager (Male) |
| 11:15 | Queue | Archer |
| 11:19 | Queue | Archer |
| 11:20 | Research | Fletching |
| 11:20 | Research | Fletching |
| 11:21 | Queue | Archer |
| 11:21 | Queue | Archer |
| 11:22 | Queue | Archer |
| 11:22 | Queue | Archer |
| 11:45 | Build | Farm |
| 11:46 | Build | Farm |
| 11:50 | Queue | Archer |
| 12:04 | Queue | Archer |
| 12:07 | Build | House |
| 12:08 | Build | House |
| 12:17 | Queue | Archer |
| 12:21 | Queue | Villager (Male) |
| 12:21 | Queue | Villager (Male) |
| 12:28 | Queue | Archer |
| 12:28 | Queue | Archer |
| 12:48 | Build | Farm |
| 12:50 | Build | Farm |
| 12:52 | Queue | Archer |
| 13:00 | Queue | Villager (Male) |
| 13:19 | Research | Padded Archer Armor |
| 13:19 | Research | Padded Archer Armor |
| 13:21 | Queue | Archer |
| 13:34 | Queue | Archer |
| 13:51 | Queue | Archer |
| 14:16 | Queue | Archer |
| 14:33 | Queue | Villager (Male) |
| 14:33 | Queue | Villager (Male) |
| 14:39 | Queue | Archer |
| 14:42 | Queue | Archer |
| 14:45 | Queue | Spearman |
| 14:47 | Queue | Spearman |
| 14:49 | Build | House |
| 14:49 | Build | House |
| 14:56 | Queue | Archer |
| 14:59 | Queue | Villager (Male) |
| 15:02 | Build | Farm |
| 15:03 | Build | Farm |
| 15:13 | Queue | Archer |
| 15:30 | Queue | Archer |
| 15:43 | Queue | Spearman |
| 15:44 | Queue | Spearman |
| 15:48 | Queue | Archer |
| 15:56 | Queue | Archer |
| 16:06 | Queue | Villager (Male) |
| 16:06 | Queue | Villager (Male) |
| 16:09 | Build | Farm |
| 16:17 | Queue | Archer |
| 16:29 | Build | Farm |
| 16:29 | Build | Farm |
| 16:29 | Build | Farm |
| 16:33 | Queue | Villager (Male) |
| 16:44 | Queue | Archer |
| 16:45 | Queue | Archer |
| 16:59 | Build | Farm |
| 16:59 | Build | Farm |
| 17:19 | Queue | Archer |
| 17:30 | Queue | Archer |
| 17:37 | Queue | Archer |
| 17:42 | Queue | Archer |
| 17:43 | Queue | Spearman |
| 17:46 | Build | House |
| 17:46 | Build | House |
| 18:01 | Queue | Archer |
| 18:20 | Queue | Archer |
| 18:27 | Queue | Archer |
| 18:33 | Queue | Spearman |
| 18:43 | Queue | Archer |
| 18:55 | Queue | Archer |
| 18:59 | Queue | Archer |
| 19:23 | Build | Market |
| 19:27 | Queue | Archer |
| 19:39 | Queue | Archer |
| 19:50 | Queue | Villager (Male) |
| 20:09 | Queue | Villager (Male) |
| 20:23 | Build | House |
| 20:49 | Research | Castle Age |
| 20:55 | Queue | Archer |
| 21:02 | Queue | Archer |
| 21:04 | Queue | Archer |
| 21:12 | Queue | Archer |
| 21:19 | Queue | Archer |
| 21:22 | Queue | Spearman |
| 21:22 | Queue | Spearman |
| 21:28 | Queue | Archer |
| 21:41 | Queue | Archer |
| 21:56 | Queue | Archer |
| 22:15 | Queue | Villager (Male) |
| 23:01 | Queue | Villager (Male) |
| 23:03 | Build | Farm |
| 23:05 | Build | Farm |
| 23:08 | Build | Farm |
| 23:29 | Age | Castle Age |
| 23:32 | Research | Crossbowman (upgrade) |
| 23:32 | Research | Crossbowman (upgrade) |
| 23:42 | Research | Bodkin Arrow |
| 23:43 | Queue | Archer |
| 23:45 | Queue | Archer |
| 23:49 | Queue | Archer |
| 23:52 | Queue | Archer |
| 23:54 | Queue | Villager (Male) |
| 23:54 | Queue | Villager (Male) |
| 23:58 | Queue | Archer |
| 23:58 | Queue | Archer |
Build order — CMD_El Primo
122 actions detected in the replay
| 0:03 | Build | Town Center |
| 1:08 | Queue | Villager (Male) |
| 1:09 | Queue | Villager (Male) |
| 1:09 | Queue | Villager (Male) |
| 1:09 | Queue | Villager (Male) |
| 2:11 | Queue | Villager (Male) |
| 2:12 | Queue | Villager (Male) |
| 2:12 | Queue | Villager (Male) |
| 2:52 | Build | Mill |
| 3:02 | Build | Lumber Camp |
| 3:03 | Queue | Villager (Male) |
| 3:03 | Queue | Villager (Male) |
| 3:03 | Queue | Villager (Male) |
| 3:35 | Queue | Villager (Male) |
| 4:06 | Build | Mill |
| 4:19 | Queue | Villager (Male) |
| 4:50 | Queue | Villager (Male) |
| 4:50 | Queue | Villager (Male) |
| 4:54 | Research | Loom |
| 6:03 | Research | Feudal Age |
| 7:12 | Build | Barracks |
| 7:15 | Build | House |
| 7:31 | Queue | Villager (Male) |
| 7:46 | Build | Palisade Gate |
| 9:09 | Age | Feudal Age |
| 9:11 | Build | Stable |
| 9:18 | Queue | Villager (Male) |
| 9:21 | Build | Blacksmith |
| 9:43 | Research | Double-Bit Axe |
| 9:50 | Queue | Scout Cavalry |
| 9:50 | Queue | Scout Cavalry |
| 10:02 | Build | House |
| 10:06 | Queue | Villager (Male) |
| 10:07 | Research | Scale Barding Armor |
| 10:08 | Research | Forging |
| 10:36 | Queue | Scout Cavalry |
| 10:39 | Queue | Villager (Male) |
| 10:45 | Build | House |
| 10:47 | Build | Palisade Wall |
| 10:51 | Research | Wheelbarrow |
| 11:20 | Queue | Scout Cavalry |
| 11:49 | Queue | Scout Cavalry |
| 11:50 | Queue | Villager (Male) |
| 12:14 | Build | Farm |
| 12:15 | Build | Farm |
| 12:15 | Build | Farm |
| 12:28 | Queue | Villager (Male) |
| 12:52 | Build | Farm |
| 12:52 | Build | Farm |
| 12:52 | Build | Farm |
| 12:52 | Build | Farm |
| 12:53 | Build | Farm |
| 12:58 | Build | House |
| 13:04 | Queue | Villager (Male) |
| 13:09 | Build | House |
| 13:10 | Build | Palisade Wall |
| 13:15 | Build | House |
| 13:16 | Build | Palisade Wall |
| 13:30 | Queue | Villager (Male) |
| 13:56 | Queue | Scout Cavalry |
| 14:17 | Queue | Scout Cavalry |
| 14:26 | Queue | Villager (Male) |
| 14:32 | Build | Farm |
| 14:33 | Build | Farm |
| 14:33 | Build | Farm |
| 14:38 | Queue | Scout Cavalry |
| 14:42 | Build | House |
| 14:43 | Build | House |
| 14:50 | Queue | Villager (Male) |
| 15:12 | Queue | Villager (Male) |
| 15:29 | Queue | Scout Cavalry |
| 15:47 | Queue | Villager (Male) |
| 15:58 | Build | Stable |
| 16:04 | Queue | Scout Cavalry |
| 16:06 | Queue | Villager (Male) |
| 16:11 | Build | Farm |
| 16:24 | Queue | Scout Cavalry |
| 16:37 | Research | Bloodlines |
| 16:43 | Build | Farm |
| 16:44 | Build | Farm |
| 16:58 | Queue | Villager (Male) |
| 17:06 | Queue | Scout Cavalry |
| 17:13 | Queue | Scout Cavalry |
| 17:13 | Queue | Scout Cavalry |
| 17:15 | Build | House |
| 17:36 | Queue | Scout Cavalry |
| 17:37 | Queue | Villager (Male) |
| 17:43 | Queue | Villager (Male) |
| 17:51 | Build | Palisade Wall |
| 17:52 | Build | Palisade Wall |
| 18:11 | Queue | Villager (Male) |
| 18:38 | Build | Mining Camp |
| 19:01 | Queue | Villager (Male) |
| 19:01 | Queue | Villager (Male) |
| 19:05 | Queue | Scout Cavalry |
| 19:43 | Build | Mill |
| 19:44 | Build | Farm |
| 19:44 | Build | Farm |
| 19:44 | Build | Farm |
| 19:45 | Build | Farm |
| 19:45 | Build | Farm |
| 19:45 | Build | Farm |
| 19:45 | Build | Farm |
| 19:54 | Queue | Villager (Male) |
| 20:11 | Build | House |
| 20:33 | Research | Castle Age |
| 21:10 | Queue | Scout Cavalry |
| 21:10 | Queue | Scout Cavalry |
| 21:26 | Queue | Scout Cavalry |
| 21:27 | Queue | Villager (Male) |
| 21:44 | Queue | Scout Cavalry |
| 22:09 | Build | Farm |
| 23:13 | Age | Castle Age |
| 23:14 | Queue | Steppe Lancer |
| 23:16 | Research | Husbandry |
| 23:19 | Research | Chain Barding Armor |
| 23:33 | Build | House |
| 23:40 | Build | House |
| 23:48 | Queue | Steppe Lancer |
| 23:48 | Queue | Steppe Lancer |
| 23:57 | Queue | Steppe Lancer |
| 24:00 | Queue | Villager (Male) |
Build order — If I Speak...
109 actions detected in the replay
| 0:05 | Build | Town Center |
| 1:07 | Queue | Villager (Male) |
| 1:07 | Queue | Villager (Male) |
| 1:08 | Queue | Villager (Male) |
| 1:08 | Queue | Villager (Male) |
| 1:40 | Build | Lumber Camp |
| 1:56 | Queue | Villager (Male) |
| 3:04 | Queue | Villager (Male) |
| 3:04 | Queue | Villager (Male) |
| 3:37 | Queue | Villager (Male) |
| 3:37 | Queue | Villager (Male) |
| 3:48 | Build | Mill |
| 4:10 | Build | House |
| 4:39 | Queue | Villager (Male) |
| 4:39 | Queue | Villager (Male) |
| 5:27 | Build | Palisade Wall |
| 5:38 | Queue | Villager (Male) |
| 5:38 | Queue | Villager (Male) |
| 5:55 | Build | Lumber Camp |
| 6:26 | Queue | Villager (Male) |
| 6:27 | Research | Loom |
| 6:52 | Build | Barracks |
| 6:58 | Research | Feudal Age |
| 7:02 | Research | Loom |
| 7:14 | Build | House |
| 8:27 | Build | House |
| 9:09 | Age | Feudal Age |
| 9:11 | Build | Palisade Wall |
| 9:18 | Build | Stable |
| 9:30 | Research | Double-Bit Axe |
| 9:34 | Research | Horse Collar |
| 9:42 | Queue | Villager (Male) |
| 9:42 | Queue | Villager (Male) |
| 9:42 | Queue | Villager (Male) |
| 9:59 | Build | Mill |
| 10:06 | Queue | Scout Cavalry |
| 10:07 | Queue | Scout Cavalry |
| 10:07 | Queue | Scout Cavalry |
| 10:12 | Queue | Villager (Male) |
| 10:38 | Build | Farm |
| 10:57 | Queue | Villager (Male) |
| 10:58 | Queue | Villager (Male) |
| 11:02 | Build | Farm |
| 11:50 | Queue | Scout Cavalry |
| 11:50 | Queue | Scout Cavalry |
| 11:52 | Queue | Villager (Male) |
| 11:52 | Queue | Villager (Male) |
| 11:52 | Queue | Villager (Male) |
| 11:56 | Build | Farm |
| 11:57 | Build | Farm |
| 12:39 | Queue | Scout Cavalry |
| 12:44 | Build | Farm |
| 12:45 | Build | Farm |
| 12:54 | Build | Blacksmith |
| 13:05 | Build | House |
| 13:05 | Build | House |
| 13:13 | Queue | Scout Cavalry |
| 13:18 | Build | Farm |
| 13:31 | Research | Scale Barding Armor |
| 13:41 | Queue | Scout Cavalry |
| 13:41 | Queue | Scout Cavalry |
| 14:37 | Research | Bloodlines |
| 14:37 | Queue | Scout Cavalry |
| 14:37 | Queue | Scout Cavalry |
| 14:40 | Queue | Villager (Male) |
| 14:40 | Queue | Villager (Male) |
| 14:54 | Build | Stable |
| 15:52 | Queue | Scout Cavalry |
| 15:52 | Queue | Scout Cavalry |
| 15:53 | Queue | Scout Cavalry |
| 15:59 | Build | Farm |
| 16:03 | Build | Farm |
| 16:04 | Build | Farm |
| 16:06 | Build | Farm |
| 16:07 | Build | Farm |
| 16:11 | Build | Farm |
| 16:14 | Queue | Villager (Male) |
| 16:14 | Queue | Villager (Male) |
| 16:15 | Queue | Villager (Male) |
| 16:34 | Queue | Scout Cavalry |
| 16:35 | Queue | Scout Cavalry |
| 17:36 | Queue | Scout Cavalry |
| 17:36 | Queue | Scout Cavalry |
| 17:36 | Queue | Scout Cavalry |
| 17:39 | Queue | Villager (Male) |
| 17:39 | Queue | Villager (Male) |
| 17:44 | Build | Farm |
| 17:46 | Build | Farm |
| 17:47 | Build | Farm |
| 17:48 | Build | Farm |
| 17:48 | Build | Farm |
| 17:49 | Build | Farm |
| 18:22 | Queue | Scout Cavalry |
| 18:23 | Queue | Scout Cavalry |
| 19:35 | Queue | Scout Cavalry |
| 19:36 | Queue | Scout Cavalry |
| 19:36 | Queue | Scout Cavalry |
| 19:36 | Queue | Scout Cavalry |
| 19:57 | Queue | Scout Cavalry |
| 19:58 | Queue | Scout Cavalry |
| 19:58 | Queue | Scout Cavalry |
| 20:25 | Build | Market |
| 20:37 | Queue | Scout Cavalry |
| 20:37 | Queue | Scout Cavalry |
| 20:41 | Build | House |
| 21:36 | Research | Wheelbarrow |
| 21:39 | Queue | Villager (Male) |
| 21:39 | Queue | Villager (Male) |
| 21:39 | Queue | Villager (Male) |
Build order — CMD_AzTraL_
142 actions detected in the replay
| 0:10 | Build | Town Center |
| 1:10 | Queue | Villager (Male) |
| 1:10 | Queue | Villager (Male) |
| 1:36 | Queue | Villager (Male) |
| 1:43 | Queue | Villager (Male) |
| 1:45 | Build | Lumber Camp |
| 2:02 | Queue | Villager (Male) |
| 2:51 | Queue | Villager (Male) |
| 3:46 | Queue | Villager (Male) |
| 3:46 | Queue | Villager (Male) |
| 4:38 | Queue | Villager (Male) |
| 5:00 | Queue | Villager (Male) |
| 5:07 | Build | Mining Camp |
| 5:25 | Queue | Villager (Male) |
| 5:48 | Queue | Villager (Male) |
| 6:01 | Queue | Villager (Male) |
| 6:02 | Queue | Villager (Male) |
| 6:29 | Research | Loom |
| 7:37 | Research | Feudal Age |
| 8:07 | Build | Barracks |
| 8:23 | Queue | Villager (Male) |
| 8:24 | Queue | Villager (Male) |
| 8:39 | Build | House |
| 8:44 | Build | Palisade Wall |
| 8:45 | Build | Palisade Wall |
| 8:52 | Build | Palisade Wall |
| 8:53 | Build | Palisade Wall |
| 8:54 | Build | Palisade Wall |
| 8:57 | Build | Palisade Wall |
| 8:58 | Build | Palisade Wall |
| 9:00 | Build | Palisade Wall |
| 9:03 | Queue | Villager (Male) |
| 9:31 | Build | House |
| 9:47 | Age | Feudal Age |
| 9:50 | Build | Archery Range |
| 9:55 | Build | Archery Range |
| 10:08 | Queue | Villager (Male) |
| 10:34 | Build | Mill |
| 10:41 | Queue | Archer |
| 10:49 | Build | House |
| 10:52 | Build | Blacksmith |
| 10:56 | Queue | Archer |
| 10:58 | Queue | Archer |
| 10:59 | Queue | Archer |
| 11:17 | Queue | Archer |
| 11:18 | Queue | Archer |
| 11:29 | Build | House |
| 11:36 | Queue | Villager (Male) |
| 11:46 | Build | Farm |
| 11:51 | Build | Farm |
| 11:53 | Queue | Villager (Male) |
| 12:07 | Build | Farm |
| 12:10 | Queue | Villager (Male) |
| 12:14 | Queue | Archer |
| 12:21 | Queue | Archer |
| 12:23 | Queue | Archer |
| 12:42 | Queue | Archer |
| 12:51 | Build | House |
| 12:53 | Build | Palisade Wall |
| 12:55 | Queue | Villager (Male) |
| 12:59 | Build | Farm |
| 13:03 | Build | Farm |
| 13:04 | Queue | Villager (Male) |
| 13:23 | Research | Fletching |
| 13:30 | Queue | Archer |
| 13:31 | Queue | Archer |
| 13:55 | Queue | Archer |
| 13:55 | Queue | Archer |
| 13:59 | Build | Farm |
| 14:03 | Queue | Villager (Male) |
| 14:03 | Queue | Villager (Male) |
| 14:09 | Queue | Archer |
| 14:20 | Build | Farm |
| 14:20 | Build | Farm |
| 14:20 | Build | Farm |
| 14:21 | Build | Farm |
| 14:21 | Build | Farm |
| 14:26 | Queue | Villager (Male) |
| 14:49 | Queue | Archer |
| 14:50 | Queue | Villager (Male) |
| 15:21 | Queue | Archer |
| 15:22 | Queue | Villager (Male) |
| 15:26 | Build | Farm |
| 15:26 | Build | Farm |
| 15:35 | Research | Double-Bit Axe |
| 15:38 | Research | Town Watch |
| 15:53 | Queue | Archer |
| 15:54 | Queue | Archer |
| 16:08 | Queue | Archer |
| 16:11 | Queue | Villager (Male) |
| 16:16 | Build | House |
| 16:17 | Build | House |
| 16:19 | Build | House |
| 16:20 | Build | House |
| 16:26 | Build | Farm |
| 16:31 | Build | Farm |
| 16:31 | Queue | Villager (Male) |
| 16:44 | Queue | Villager (Male) |
| 17:02 | Queue | Villager (Male) |
| 17:04 | Build | Farm |
| 17:12 | Build | House |
| 17:47 | Queue | Archer |
| 18:01 | Queue | Villager (Male) |
| 18:11 | Queue | Archer |
| 18:29 | Queue | Archer |
| 18:29 | Queue | Archer |
| 18:32 | Queue | Villager (Male) |
| 19:12 | Queue | Villager (Male) |
| 19:12 | Queue | Villager (Male) |
| 19:13 | Queue | Archer |
| 19:13 | Queue | Archer |
| 19:27 | Build | House |
| 19:28 | Build | House |
| 19:58 | Queue | Archer |
| 19:58 | Queue | Archer |
| 20:06 | Queue | Villager (Male) |
| 20:07 | Queue | Villager (Male) |
| 20:08 | Queue | Archer |
| 20:08 | Queue | Archer |
| 20:14 | Build | Palisade Wall |
| 20:27 | Queue | Archer |
| 20:27 | Queue | Archer |
| 20:32 | Build | Farm |
| 20:33 | Build | Farm |
| 20:38 | Build | House |
| 20:40 | Build | Palisade Wall |
| 20:41 | Build | Palisade Wall |
| 20:46 | Build | Farm |
| 20:53 | Research | Castle Age |
| 21:29 | Research | Padded Archer Armor |
| 22:04 | Queue | Archer |
| 22:04 | Queue | Archer |
| 22:05 | Queue | Villager (Male) |
| 22:40 | Queue | Archer |
| 22:40 | Queue | Archer |
| 23:33 | Age | Castle Age |
| 23:45 | Queue | Archer |
| 23:46 | Queue | Archer |
| 23:49 | Research | Crossbowman (upgrade) |
| 23:54 | Research | Bodkin Arrow |
| 23:55 | Research | Bow Saw |
| 23:59 | Queue | Villager (Male) |
Build order — TMZanderlineMosquito Engraxate
129 actions detected in the replay
| 0:11 | Build | Town Center |
| 1:12 | Queue | Villager (Male) ×5 |
| 1:49 | Build | Lumber Camp |
| 1:50 | Queue | Villager (Male) |
| 2:41 | Research | Loom |
| 2:41 | Queue | Villager (Male) ×4 |
| 2:52 | Build | House |
| 2:58 | Build | House |
| 3:01 | Build | House |
| 3:24 | Queue | Villager (Male) |
| 4:20 | Queue | Villager (Male) |
| 4:31 | Queue | Villager (Male) ×2 |
| 5:30 | Queue | Villager (Male) ×2 |
| 5:59 | Queue | Villager (Male) ×2 |
| 6:13 | Build | Mill |
| 6:19 | Queue | Villager (Male) |
| 7:25 | Queue | Villager (Male) ×5 |
| 8:14 | Build | Mining Camp |
| 8:26 | Build | Barracks |
| 8:29 | Build | House |
| 8:29 | Build | House |
| 8:45 | Research | Feudal Age |
| 10:13 | Queue | Villager (Male) ×5 |
| 10:49 | Age | Feudal Age |
| 10:52 | Build | Stable |
| 10:56 | Research | Double-Bit Axe |
| 11:03 | Build | Stable |
| 11:36 | Build | Palisade Gate |
| 12:07 | Queue | Scout Cavalry ×5 |
| 12:16 | Build | Blacksmith |
| 12:45 | Build | Farm |
| 12:45 | Build | Farm |
| 12:46 | Build | Farm |
| 12:46 | Build | Farm |
| 12:46 | Queue | Villager (Male) ×5 |
| 12:56 | Research | Bloodlines |
| 13:04 | Research | Scale Barding Armor |
| 13:23 | Build | Watch Tower |
| 13:25 | Queue | Villager (Male) ×5 |
| 14:02 | Queue | Scout Cavalry ×2 |
| 14:40 | Queue | Scout Cavalry ×2 |
| 14:44 | Build | House |
| 14:45 | Build | House |
| 14:51 | Build | Lumber Camp |
| 15:17 | Build | Farm |
| 15:17 | Build | Farm |
| 15:17 | Build | Farm |
| 15:17 | Build | Farm |
| 15:21 | Queue | Scout Cavalry |
| 15:53 | Build | Farm |
| 15:55 | Build | Farm |
| 15:56 | Build | Farm |
| 16:24 | Build | Lumber Camp |
| 16:35 | Build | House |
| 16:36 | Build | House |
| 16:37 | Build | House |
| 16:51 | Queue | Villager (Male) ×2 |
| 17:04 | Build | Farm |
| 17:05 | Build | Farm |
| 17:16 | Queue | Villager (Male) |
| 17:22 | Build | Farm |
| 17:22 | Build | Farm |
| 17:22 | Build | Farm |
| 17:23 | Build | Farm |
| 17:23 | Build | Farm |
| 17:23 | Build | Farm |
| 17:35 | Queue | Villager (Male) |
| 17:41 | Build | Farm |
| 17:41 | Build | Farm |
| 17:41 | Build | Farm |
| 17:42 | Build | Farm |
| 17:42 | Build | Farm |
| 17:42 | Build | Farm |
| 17:43 | Build | Farm |
| 18:04 | Queue | Villager (Male) |
| 18:29 | Build | Farm |
| 18:29 | Build | Farm |
| 18:29 | Build | Farm |
| 18:29 | Build | Farm |
| 18:30 | Build | Farm |
| 18:30 | Build | Farm |
| 18:30 | Build | Farm |
| 18:30 | Build | Farm |
| 18:31 | Queue | Villager (Male) |
| 18:57 | Queue | Villager (Male) ×3 |
| 19:09 | Build | Lumber Camp |
| 19:17 | Queue | Villager (Male) |
| 19:39 | Queue | Scout Cavalry |
| 19:56 | Build | Mill |
| 19:57 | Build | Farm |
| 19:57 | Build | Farm |
| 19:57 | Build | Farm |
| 19:58 | Build | Farm |
| 19:58 | Build | Farm |
| 19:58 | Build | Farm |
| 19:58 | Build | Farm |
| 19:59 | Build | Farm |
| 19:59 | Build | Farm |
| 19:59 | Build | Farm |
| 19:59 | Build | Farm |
| 20:00 | Build | Farm |
| 20:00 | Build | Farm |
| 20:01 | Queue | Villager (Male) ×2 |
| 20:12 | Queue | Scout Cavalry |
| 20:16 | Queue | Villager (Male) |
| 20:53 | Queue | Scout Cavalry ×2 |
| 21:07 | Queue | Scout Cavalry |
| 21:07 | Queue | Scout Cavalry |
| 21:21 | Build | Market |
| 21:24 | Queue | Villager (Male) ×2 |
| 21:41 | Build | House |
| 21:50 | Build | House |
| 21:52 | Build | House |
| 21:53 | Build | House |
| 21:54 | Build | House |
| 21:55 | Build | House |
| 21:57 | Queue | Villager (Male) ×5 |
| 22:07 | Queue | Scout Cavalry |
| 22:11 | Queue | Scout Cavalry ×3 |
| 22:21 | Queue | Scout Cavalry |
| 22:46 | Queue | Villager (Male) ×4 |
| 22:56 | Build | Farm |
| 22:57 | Build | Farm |
| 22:58 | Build | Farm |
| 23:13 | Queue | Scout Cavalry ×2 |
| 23:16 | Queue | Scout Cavalry |
| 23:29 | Research | Forging |
| 23:29 | Research | Forging |
| 23:35 | Queue | Scout Cavalry |
Build order — CMD_Ray
116 actions detected in the replay
| 0:04 | Build | Town Center |
| 1:06 | Queue | Villager (Male) |
| 1:06 | Queue | Villager (Male) |
| 1:06 | Queue | Villager (Male) |
| 1:55 | Queue | Villager (Male) |
| 1:55 | Queue | Villager (Male) |
| 2:32 | Build | Lumber Camp |
| 2:50 | Queue | Villager (Male) |
| 2:51 | Queue | Villager (Male) |
| 4:00 | Queue | Villager (Male) |
| 4:00 | Queue | Villager (Male) |
| 4:19 | Queue | Villager (Male) |
| 4:20 | Queue | Villager (Male) |
| 4:57 | Queue | Villager (Male) |
| 5:20 | Queue | Villager (Male) |
| 5:34 | Build | Mill |
| 6:02 | Build | House |
| 6:31 | Queue | Villager (Male) |
| 6:49 | Queue | Villager (Male) |
| 7:15 | Queue | Villager (Male) |
| 7:38 | Queue | Villager (Male) |
| 8:04 | Research | Feudal Age |
| 8:15 | Build | Mill |
| 9:02 | Build | Mill |
| 9:31 | Build | House |
| 10:21 | Age | Feudal Age |
| 10:32 | Queue | Villager (Male) |
| 10:32 | Queue | Villager (Male) |
| 10:44 | Build | Barracks |
| 11:19 | Build | Stable |
| 11:24 | Queue | Villager (Male) |
| 11:30 | Build | Stable |
| 11:42 | Build | House |
| 11:48 | Queue | Scout Cavalry |
| 11:48 | Queue | Scout Cavalry |
| 11:49 | Queue | Villager (Male) |
| 11:57 | Build | House |
| 11:59 | Queue | Scout Cavalry |
| 11:59 | Queue | Scout Cavalry |
| 12:14 | Research | Loom |
| 12:37 | Build | House |
| 12:42 | Queue | Scout Cavalry |
| 12:42 | Queue | Scout Cavalry |
| 12:47 | Queue | Villager (Male) |
| 13:00 | Queue | Scout Cavalry |
| 13:01 | Queue | Scout Cavalry |
| 13:24 | Queue | Scout Cavalry |
| 13:24 | Queue | Scout Cavalry |
| 13:34 | Queue | Villager (Male) |
| 13:38 | Build | House |
| 13:40 | Research | Double-Bit Axe |
| 13:41 | Research | Horse Collar |
| 13:59 | Queue | Villager (Male) |
| 14:04 | Build | Farm |
| 14:04 | Build | Farm |
| 14:04 | Build | Farm |
| 14:27 | Queue | Villager (Male) |
| 14:38 | Queue | Villager (Male) |
| 14:44 | Queue | Scout Cavalry |
| 14:45 | Queue | Scout Cavalry |
| 14:59 | Queue | Villager (Male) |
| 14:59 | Queue | Villager (Male) |
| 15:05 | Queue | Scout Cavalry |
| 15:05 | Queue | Scout Cavalry |
| 15:14 | Queue | Villager (Male) |
| 15:23 | Queue | Scout Cavalry |
| 15:32 | Build | Blacksmith |
| 15:42 | Build | Farm |
| 15:42 | Build | Farm |
| 15:42 | Build | Farm |
| 15:47 | Build | Farm |
| 15:50 | Build | House |
| 15:51 | Build | House |
| 16:10 | Queue | Scout Cavalry |
| 16:10 | Queue | Scout Cavalry |
| 16:17 | Build | House |
| 16:41 | Research | Scale Barding Armor |
| 16:42 | Queue | Villager (Male) |
| 17:07 | Research | Bloodlines |
| 17:08 | Queue | Villager (Male) |
| 17:17 | Queue | Villager (Male) |
| 17:55 | Queue | Scout Cavalry |
| 17:56 | Queue | Scout Cavalry |
| 18:09 | Queue | Scout Cavalry |
| 18:15 | Build | Farm |
| 18:16 | Build | Farm |
| 18:16 | Build | Farm |
| 18:16 | Build | Farm |
| 18:16 | Build | Farm |
| 18:16 | Build | Farm |
| 18:17 | Build | Farm |
| 18:55 | Queue | Villager (Male) |
| 19:08 | Build | Farm |
| 19:09 | Build | Farm |
| 19:09 | Build | Farm |
| 19:23 | Queue | Villager (Male) |
| 19:35 | Queue | Villager (Male) |
| 19:42 | Build | Farm |
| 19:43 | Build | Farm |
| 19:51 | Queue | Scout Cavalry |
| 19:51 | Queue | Scout Cavalry |
| 20:17 | Queue | Scout Cavalry |
| 20:17 | Queue | Scout Cavalry |
| 20:30 | Queue | Villager (Male) |
| 20:31 | Queue | Villager (Male) |
| 20:37 | Build | Farm |
| 20:37 | Build | Farm |
| 20:38 | Build | Farm |
| 20:38 | Build | Farm |
| 20:54 | Queue | Scout Cavalry |
| 20:55 | Queue | Scout Cavalry |
| 21:31 | Build | Market |
| 21:36 | Queue | Villager (Male) |
| 21:42 | Build | House |
| 22:31 | Research | Castle Age |
| 23:18 | Build | Mining Camp |
Build order — 小白
149 actions detected in the replay
| 0:03 | Build | Town Center |
| 1:07 | Queue | Villager (Male) |
| 1:07 | Queue | Villager (Male) |
| 1:07 | Queue | Villager (Male) |
| 1:13 | Queue | Villager (Male) |
| 1:14 | Queue | Villager (Male) |
| 1:55 | Queue | Villager (Male) |
| 1:56 | Queue | Villager (Male) |
| 1:56 | Queue | Villager (Male) |
| 2:11 | Build | Lumber Camp |
| 2:33 | Queue | Villager (Male) |
| 2:33 | Queue | Villager (Male) |
| 2:56 | Queue | Villager (Male) |
| 2:56 | Queue | Villager (Male) |
| 3:23 | Queue | Villager (Male) |
| 3:23 | Queue | Villager (Male) |
| 4:09 | Build | Mill |
| 4:14 | Queue | Villager (Male) |
| 4:29 | Queue | Villager (Male) |
| 5:02 | Queue | Villager (Male) |
| 5:03 | Queue | Villager (Male) |
| 5:35 | Queue | Villager (Male) |
| 5:47 | Queue | Villager (Male) |
| 6:33 | Research | Loom |
| 6:49 | Queue | Villager (Male) |
| 7:08 | Build | House |
| 7:25 | Research | Feudal Age |
| 7:25 | Research | Feudal Age |
| 7:47 | Build | Barracks |
| 8:11 | Queue | Villager (Male) |
| 8:43 | Build | House |
| 9:35 | Age | Feudal Age |
| 9:36 | Build | Stable |
| 9:40 | Research | Double-Bit Axe |
| 9:42 | Research | Horse Collar |
| 9:42 | Research | Horse Collar |
| 9:44 | Queue | Villager (Male) |
| 10:03 | Queue | Villager (Male) |
| 10:07 | Build | House |
| 10:16 | Queue | Scout Cavalry |
| 10:16 | Queue | Scout Cavalry |
| 10:17 | Queue | Scout Cavalry |
| 10:17 | Queue | Scout Cavalry |
| 10:17 | Queue | Scout Cavalry |
| 10:33 | Build | Farm |
| 10:37 | Queue | Villager (Male) |
| 10:41 | Build | House |
| 10:51 | Queue | Scout Cavalry |
| 11:06 | Queue | Villager (Male) |
| 11:08 | Queue | Scout Cavalry |
| 11:11 | Build | House |
| 11:15 | Build | Farm |
| 11:16 | Queue | Villager (Male) |
| 11:47 | Build | Blacksmith |
| 11:56 | Queue | Villager (Male) |
| 12:03 | Queue | Villager (Male) |
| 12:27 | Build | House |
| 12:35 | Research | Scale Barding Armor |
| 12:35 | Research | Scale Barding Armor |
| 12:51 | Queue | Villager (Male) |
| 12:56 | Build | Mill |
| 13:10 | Build | Farm |
| 13:16 | Research | Forging |
| 13:16 | Research | Forging |
| 13:26 | Queue | Scout Cavalry |
| 13:26 | Queue | Scout Cavalry |
| 13:26 | Queue | Scout Cavalry |
| 13:35 | Build | House |
| 14:02 | Queue | Scout Cavalry |
| 14:03 | Queue | Villager (Male) |
| 14:13 | Build | House |
| 14:25 | Queue | Villager (Male) |
| 14:42 | Build | Farm |
| 14:43 | Queue | Villager (Male) |
| 14:48 | Build | Farm |
| 14:49 | Build | Farm |
| 14:50 | Build | Farm |
| 14:50 | Build | Farm |
| 15:04 | Queue | Villager (Male) |
| 15:07 | Build | House |
| 15:17 | Queue | Scout Cavalry |
| 15:17 | Queue | Scout Cavalry |
| 15:17 | Queue | Scout Cavalry |
| 15:17 | Queue | Scout Cavalry |
| 15:17 | Queue | Scout Cavalry |
| 15:43 | Queue | Villager (Male) |
| 15:54 | Build | House |
| 15:58 | Build | Mining Camp |
| 16:00 | Build | Farm |
| 16:10 | Queue | Villager (Male) |
| 16:16 | Queue | Villager (Male) |
| 16:18 | Build | Farm |
| 16:19 | Build | Farm |
| 16:23 | Queue | Villager (Male) |
| 16:39 | Queue | Scout Cavalry |
| 16:51 | Queue | Villager (Male) |
| 16:53 | Build | House |
| 17:09 | Research | Wheelbarrow |
| 17:40 | Research | Bloodlines |
| 17:40 | Research | Bloodlines |
| 17:43 | Build | House |
| 17:48 | Build | Stable |
| 18:02 | Queue | Villager (Male) |
| 18:07 | Build | Mill |
| 18:17 | Queue | Scout Cavalry |
| 18:21 | Build | House |
| 18:38 | Queue | Scout Cavalry |
| 19:10 | Build | Farm |
| 19:13 | Queue | Scout Cavalry |
| 19:13 | Queue | Scout Cavalry |
| 19:13 | Queue | Scout Cavalry |
| 19:14 | Queue | Scout Cavalry |
| 19:14 | Queue | Scout Cavalry |
| 19:14 | Queue | Scout Cavalry |
| 19:14 | Queue | Scout Cavalry |
| 19:20 | Build | House |
| 19:23 | Queue | Villager (Male) |
| 19:41 | Build | Farm |
| 19:42 | Build | Farm |
| 19:44 | Build | Farm |
| 19:45 | Build | Farm |
| 19:50 | Build | Lumber Camp |
| 19:51 | Queue | Villager (Male) |
| 19:56 | Queue | Scout Cavalry |
| 19:56 | Queue | Scout Cavalry |
| 19:56 | Queue | Scout Cavalry |
| 20:08 | Queue | Villager (Male) |
| 20:18 | Queue | Scout Cavalry |
| 20:18 | Queue | Scout Cavalry |
| 20:53 | Queue | Scout Cavalry |
| 20:53 | Queue | Scout Cavalry |
| 21:05 | Queue | Villager (Male) |
| 21:18 | Queue | Villager (Male) |
| 21:34 | Queue | Scout Cavalry |
| 21:35 | Queue | Scout Cavalry |
| 21:35 | Queue | Scout Cavalry |
| 21:35 | Queue | Scout Cavalry |
| 21:35 | Queue | Scout Cavalry |
| 21:36 | Queue | Scout Cavalry |
| 22:21 | Build | Lumber Camp |
| 22:26 | Queue | Scout Cavalry |
| 22:27 | Queue | Scout Cavalry |
| 22:27 | Queue | Scout Cavalry |
| 23:09 | Queue | Scout Cavalry |
| 23:09 | Queue | Scout Cavalry |
| 23:10 | Queue | Scout Cavalry |
| 23:10 | Queue | Villager (Male) |
| 23:11 | Queue | Villager (Male) |
| 23:42 | Build | Lumber Camp |
Build order — FakerMarTin
124 actions detected in the replay
| 0:54 | Build | Town Center |
| 2:04 | Queue | Villager (Male) |
| 2:05 | Queue | Villager (Male) |
| 2:05 | Queue | Villager (Male) |
| 2:05 | Queue | Villager (Male) |
| 2:05 | Queue | Villager (Male) |
| 2:48 | Queue | Villager (Male) |
| 2:48 | Queue | Villager (Male) |
| 3:24 | Queue | Villager (Male) |
| 3:24 | Queue | Villager (Male) |
| 3:42 | Queue | Villager (Male) |
| 3:42 | Queue | Villager (Male) |
| 3:43 | Queue | Villager (Male) |
| 4:13 | Queue | Villager (Male) |
| 4:13 | Queue | Villager (Male) |
| 4:13 | Queue | Villager (Male) |
| 4:16 | Build | House |
| 4:36 | Queue | Villager (Male) |
| 4:36 | Queue | Villager (Male) |
| 5:47 | Queue | Villager (Male) |
| 5:56 | Queue | Villager (Male) |
| 6:17 | Build | House |
| 6:35 | Build | Lumber Camp |
| 6:37 | Build | House |
| 7:08 | Queue | Villager (Male) |
| 7:09 | Queue | Villager (Male) |
| 7:09 | Queue | Villager (Male) |
| 7:21 | Queue | Villager (Male) |
| 8:03 | Queue | Villager (Male) |
| 8:11 | Build | Mill |
| 8:16 | Research | Loom |
| 8:56 | Research | Feudal Age |
| 8:56 | Research | Feudal Age |
| 8:56 | Research | Feudal Age |
| 9:56 | Build | Mining Camp |
| 10:06 | Queue | Villager (Male) |
| 10:07 | Queue | Villager (Male) |
| 10:16 | Build | Barracks |
| 10:59 | Build | House |
| 11:07 | Build | Farm |
| 11:09 | Build | Farm |
| 11:13 | Build | Farm |
| 11:23 | Age | Feudal Age |
| 11:26 | Build | Stable |
| 11:30 | Research | Double-Bit Axe |
| 11:34 | Research | Horse Collar |
| 11:40 | Build | House |
| 12:02 | Build | House |
| 12:04 | Queue | Villager (Male) |
| 12:11 | Build | Farm |
| 12:13 | Queue | Scout Cavalry |
| 12:13 | Queue | Scout Cavalry |
| 12:36 | Queue | Spearman |
| 12:46 | Queue | Villager (Male) |
| 12:47 | Queue | Villager (Male) |
| 12:51 | Build | Farm |
| 12:59 | Build | Farm |
| 13:01 | Queue | Villager (Male) |
| 13:06 | Queue | Scout Cavalry |
| 13:18 | Build | Blacksmith |
| 13:42 | Queue | Scout Cavalry |
| 13:51 | Build | Farm |
| 13:52 | Queue | Villager (Male) |
| 13:53 | Build | Farm |
| 14:12 | Queue | Villager (Male) |
| 14:38 | Queue | Scout Cavalry |
| 14:47 | Build | Palisade Wall |
| 14:51 | Queue | Villager (Male) |
| 14:56 | Build | Farm |
| 15:26 | Queue | Villager (Male) |
| 15:26 | Queue | Villager (Male) |
| 15:29 | Build | Farm |
| 15:30 | Queue | Villager (Male) |
| 15:43 | Queue | Villager (Male) |
| 15:43 | Queue | Villager (Male) |
| 15:52 | Build | Archery Range |
| 15:56 | Queue | Villager (Male) |
| 15:56 | Queue | Villager (Male) |
| 16:01 | Build | House |
| 16:07 | Build | Farm |
| 16:21 | Queue | Scout Cavalry |
| 16:25 | Build | House |
| 16:36 | Queue | Spearman |
| 16:52 | Queue | Villager (Male) |
| 16:52 | Queue | Villager (Male) |
| 17:02 | Queue | Spearman |
| 17:08 | Queue | Villager (Male) |
| 17:18 | Queue | Skirmisher |
| 17:19 | Queue | Skirmisher |
| 17:39 | Queue | Spearman |
| 17:47 | Build | Farm |
| 17:47 | Build | Farm |
| 18:02 | Queue | Skirmisher |
| 18:03 | Queue | Villager (Male) |
| 18:03 | Queue | Villager (Male) |
| 18:03 | Queue | Villager (Male) |
| 18:33 | Queue | Skirmisher |
| 18:37 | Research | Fletching |
| 18:37 | Research | Fletching |
| 18:58 | Queue | Villager (Male) |
| 18:59 | Queue | Villager (Male) |
| 19:08 | Queue | Villager (Male) |
| 19:08 | Queue | Villager (Male) |
| 19:11 | Build | Lumber Camp |
| 19:29 | Queue | Villager (Male) |
| 19:29 | Queue | Villager (Male) |
| 19:35 | Queue | Skirmisher |
| 19:45 | Build | House |
| 20:18 | Queue | Villager (Male) |
| 20:19 | Build | House |
| 20:21 | Build | House |
| 20:23 | Queue | Villager (Male) |
| 20:35 | Build | Market |
| 20:48 | Build | House |
| 20:51 | Build | Palisade Wall |
| 21:26 | Build | Farm |
| 21:27 | Build | Farm |
| 21:32 | Research | Wheelbarrow |
| 21:49 | Queue | Villager (Male) |
| 22:28 | Queue | Skirmisher |
| 22:29 | Queue | Skirmisher |
| 22:36 | Research | Padded Archer Armor |
| 23:07 | Research | Castle Age |
| 23:07 | Research | Castle Age |
Match timeline
| 5:27 | If I Speak... · wall_segment Palisade Wall x1 |
| 5:55 | CMD_Edahi287 · first_building Barracks |
| 6:52 | If I Speak... · first_building Barracks |
| 7:12 | CMD_El Primo · first_building Barracks |
| 7:47 | 小白 · first_building Barracks |
| 8:07 | CMD_AzTraL_ · first_building Barracks |
| 8:26 | TMZanderlineMosquito Engraxate · first_building Barracks |
| 8:44 | CMD_AzTraL_ · wall_segment Palisade Wall x1 |
| 8:45 | CMD_AzTraL_ · wall_segment Palisade Wall x1 |
| 8:52 | CMD_AzTraL_ · wall_segment Palisade Wall x1 |
| 8:53 | CMD_AzTraL_ · wall_segment Palisade Wall x1 |
| 8:54 | CMD_AzTraL_ · wall_segment Palisade Wall x1 |
| 8:57 | CMD_AzTraL_ · wall_segment Palisade Wall x1 |
| 8:58 | CMD_AzTraL_ · wall_segment Palisade Wall x1 |
| 9:00 | CMD_AzTraL_ · wall_segment Palisade Wall x1 |
| 9:09 | CMD_El Primo · age_up feudal |
| 9:09 | If I Speak... · age_up feudal |
| 9:11 | CMD_El Primo · first_building Stable |
| 9:11 | If I Speak... · wall_segment Palisade Wall x1 |
| 9:18 | If I Speak... · first_building Stable |
| 9:35 | 小白 · age_up feudal |
| 9:36 | 小白 · first_building Stable |
| 9:47 | CMD_AzTraL_ · age_up feudal |
| 9:50 | CMD_AzTraL_ · first_building Archery Range |
| 10:16 | FakerMarTin · first_building Barracks |
| 10:17 | CMD_Edahi287 · age_up feudal |
| 10:19 | CMD_Edahi287 · first_building Archery Range |
| 10:21 | CMD_Ray · age_up feudal |
| 10:44 | CMD_Ray · first_building Barracks |
| 10:47 | CMD_El Primo · wall_segment Palisade Wall x7 |
| 10:49 | TMZanderlineMosquito Engraxate · age_up feudal |
| 10:52 | TMZanderlineMosquito Engraxate · first_building Stable |
| 11:19 | CMD_Ray · first_building Stable |
| 11:23 | FakerMarTin · age_up feudal |
| 11:26 | FakerMarTin · first_building Stable |
| 12:53 | CMD_AzTraL_ · wall_segment Palisade Wall x3 |
| 13:10 | CMD_El Primo · wall_segment Palisade Wall x2 |
| 13:16 | CMD_El Primo · wall_segment Palisade Wall x1 |
| 14:47 | FakerMarTin · wall_segment Palisade Wall x1 |
| 15:52 | FakerMarTin · first_building Archery Range |
| 17:51 | CMD_El Primo · wall_segment Palisade Wall x22 |
| 17:52 | CMD_El Primo · wall_segment Palisade Wall x1 |
| 20:14 | CMD_AzTraL_ · wall_segment Palisade Wall x1 |
| 20:25 | CMD_Edahi287 · first_market_sell 500 wood |
| 20:30 | CMD_Edahi287 · first_market_buy 100 food |
| 20:40 | CMD_AzTraL_ · wall_segment Palisade Wall x1 |
| 20:41 | CMD_AzTraL_ · wall_segment Palisade Wall x1 |
| 20:51 | FakerMarTin · wall_segment Palisade Wall x1 |
| 22:04 | FakerMarTin · first_market_sell 100 wood |
| 22:07 | FakerMarTin · first_market_buy 100 food |
| 23:13 | CMD_El Primo · age_up castle |
| 23:15 | TMZanderlineMosquito Engraxate · first_market_sell 500 wood |
| 23:29 | CMD_Edahi287 · age_up castle |
| 23:33 | CMD_AzTraL_ · age_up castle |
| 23:47 | If I Speak... · resign |
[ AI ANALYSIS · 1 CREDIT ]
What really happened in this match?
Wolo.gg analyzes every decision: build order, eco, micro, common mistakes by bracket. Personalized analysis on WhatsApp or Discord in 30 seconds.
Civ guide
Saracens
Perfil
Jugador #14730931